 Dungeon Crawl Stone Soup version 0.31-a0-180-g519b7de00c (webtiles) character file.

Game seed: 1761448582315702407

6230 qw the Skirmisher (level 10, -1/98 HPs)
             Began as a Naga Hunter on June 19, 2023.
             Was a Believer of Okawaru.
             Slain by a yak (6 damage)
             ... on level 7 of the Dungeon.
             The game lasted 00:05:35 (9096 turns).

qw the Skirmisher (Naga Hunter)                     Turns: 9096, Time: 00:05:35

Health: -1/98      AC:  9    Str: 14    XL:     10   Next: 92%
Magic:  13/13      EV: 16    Int:  9    God:    Okawaru [**....]
Gold:   588        SH:  0    Dex: 22    Spells: 9/9 levels left

rFire   . . .        Y - +2 orcbow (freeze)
rCold   . . .        (shield currently unavailable)
rNeg    + . .        i - +1 leather armour of the Echidna {Dex+3}
rPois   +            p - +2 helmet
rElec   .            (no cloak)
rCorr   +            (no gloves)
SInv    +            (no barding)
Will    +....        (no amulet)
Stlth   ++++         d - ring of positive energy
HPRegen 0.36/turn    c - ring of resist corrosion
MPRegen 0.13/turn

%: no passive effects
@: mighty, heroic, very slow
A: AC +3, large, see invisible, deformed body, poison resistance, slowness 2,
spit poison 1, naga tail 1
a: Spit Poison, Renounce Religion, Heroism


You were on level 7 of the Dungeon.
You worshipped Okawaru.
Okawaru was pleased with you.
You visited 2 branches of the dungeon, and saw 9 of its levels.

You collected 588 gold pieces.


Innate Abilities, Weirdness & Mutations

Your serpentine skin is tough. (AC +3)
You have supernaturally acute eyesight. (SInv)
Armour fits poorly on your strangely shaped body.
Your system is resistant to poisons. (rPois)
You cover ground very slowly.
You can spit poison.
You have a snake-like lower body.


   Skills:
 - Level 8.4(13.4) Fighting
 + Level 11.5(16.5) Ranged Weapons
 - Level 1.2(6.2) Armour
 - Level 4.4(9.4) Dodging
 - Level 1.5(6.5) Stealth
 - Level 5.0 Invocations


You had 9 spell levels left.
You didn't know any spells.
Your spell library was empty.

Inventory:

Hand Weapons
 Y - a +2 orcbow of freezing (weapon)
Armour
 i - the +1 leather armour of the Echidna (worn) {Dex+3}
   (You found it on level 2 of the Dungeon)

   Dex:       It affects your dexterity (+3).
 p - a +2 helmet (worn)
Jewellery
 c - a ring of resist corrosion (right hand)
 d - a ring of positive energy (left hand)
 k - a ring of positive energy
Scrolls
 a - a scroll of identify
Potions
 b - 4 potions of curing
 e - 2 potions of cancellation
 g - a potion of haste
 h - 3 potions of mutation
 j - a potion of enlightenment
 l - a potion of might
 m - a potion of magic {unknown}

Dungeon Overview and Level Annotations

Branches:
Dungeon (8/15)             Temple (1/1) D:5
   Lair: D:8-11

Altars:
Ashenzari
Cheibriados
Dithmenos
Fedhas
Gozag
Hepliaklqana
Kikubaaqudgha
Makhleb
Nemelex Xobeh
Okawaru
Qazlal
Ru
Sif Muna
Trog
Uskayaw
Vehumet
Wu Jian
Xom
Yredelemnul
The Shining One

Annotations:
D:7 3 runed translucent doors, qw's ghost, novice GrFi


Message History

The arrow hits the yak but does no damage.
The yak is moderately wounded.
The yak gores you.
The orc wizard hits you but does no damage.
The yak gores you.
You shoot an arrow.
The arrow hits the yak but does no damage.
The yak is moderately wounded.
The yak gores you! The orc wizard barely misses you.
The yak gores you but does no damage.
You shoot an arrow. The arrow closely misses the yak.
You shoot an arrow. The arrow barely misses the yak.
You have got your breath back.
The yak barely misses you. The orc wizard closely misses you.
The yak barely misses you.
9092 ||| INVOKING Spit Poison.
Aiming: Spit Poison (1% risk of failure)
Press: ? - help, Shift-Dir - straight line, f/p - yak The splash of poison hits the yak!
The yak is poisoned.
The yak is severely wounded.
The yak gores you!
The orc wizard hits you but does no damage.
The yak gores you but does no damage.
You shoot an arrow. The arrow hits the yak.
The arrow freezes the yak.
The yak is severely wounded.
The yak completely misses you.
The orc wizard hits you but does no damage.
The yak barely misses you.
You shoot an arrow. The arrow hits the yak.
The arrow freezes the yak.
The yak is severely wounded.
The yak gores you. The orc wizard misses you.
The yak gores you but does no damage.
You shoot an arrow. The arrow hits the yak.
The arrow freezes the yak.
The yak is almost dead.
You shoot an arrow. The arrow completely misses the yak.
You have got your breath back.
The yak gores you but does no damage.
The orc wizard hits you but does no damage.
The yak gores you.
You die...

.).#...#.#.#...#.###.##.#.#######
}|.#...##.##...#.# #..#.#.#
...#....#.#....#.# ##.#.#.#
#####...#.#.).##.# #...#>#
#..###.......##..# ###.#.#
###.###.....##..## ####.#.##
.###.####)###..#####..)....#
#.##.##))..##.#>..##...#.#.#####
#.#.###.).#.#..Y@o.<.....#.....#
.##.##%)###.#..Y[........#.....#
#..##.#)#...#..................#
#####.##....#...(..............#
..##.########.[..........#.....#
##(.##............##...#.#.#####
#####..........##.....##.>.####
####....########..#####.......#
.....#### #### #.......#


You could see 2 yaks and an orc wizard.

Vanquished Creatures
  Pikel (D:7)
  A cyclops (D:7)
  An ugly thing (D:7)
  A hornet (D:7)
  Prince Ribbit (D:5)
  Sigmund (D:3)
  A shadow (D:7)
  A yak (D:7)
  A wraith (D:7)
  A wyvern (D:7)
  Eustachio (D:4)
  A vampire mosquito (D:7)
  A water moccasin (D:7)
  Duvessa (D:6)
  A black bear (D:7)
  An orc warrior (D:6)
  3 sky beasts
  2 ice beasts (D:7)
  3 ogres
  A centaur (D:7)
  3 lemures (D:7)
  3 phantoms
  2 kobold brigands (D:7)
  6 bullfrogs
  3 scorpions
  A gnoll sergeant (D:7)
  7 wights (D:7)
  Dowan (D:6)
  A howler monkey (D:7)
  4 hounds
  5 jellies
  A gnoll bouda (D:7)
  3 sleepcaps
  Terence (D:2)
  10 iguanas
  Natasha (twice) (D:2)
  3 orc wizards (D:7)
  A gnoll (D:7)
  5 adders
  A shadow imp (D:5)
  4 white imps (D:7)
  2 dart slugs
  19 orcs
  8 bats
  7 endoplasms
  A giant cockroach (D:2)
  4 goblins
  8 hobgoblins
  2 jackals (D:1)
  8 quokkas
  4 ball pythons
  A frilled lizard (D:2)
  11 kobolds
  2 rats (D:3)
169 creatures vanquished.

Notes
Turn   | Place    | Note
-------+----------+-------------------------------------------
     0 | D:1      | qw the Naga Hunter began the quest for the Orb.
     0 | D:1      | Reached XP level 1. HP: 19/19 MP: 1/1
     0 | D:1      | 0 ||| qw: Version: 0.3-a-7-ge0c9b40
     0 | D:1      | 0 ||| qw: Game counter: 960
     0 | D:1      | 0 ||| qw: Always use a shield: true
     0 | D:1      | 0 ||| qw: God list: Okawaru
     0 | D:1      | 0 ||| qw: Allow faded altars: false
     0 | D:1      | 0 ||| qw: Do Orc after D:15 true
     0 | D:1      | 0 ||| qw: Do second Lair branch before Depths: true
     0 | D:1      | 0 ||| qw: Lair rune preference: random
     0 | D:1      | 0 ||| qw: Plans: Normal
     0 | D:1      | 0 ||| PLANNING D:1-11
     3 | D:1      | Noticed an electric eel
     4 | D:1      | Noticed an electric eel
    21 | D:1      | 21 ||| INVOKING Spit Poison.
    24 | D:1      | 24 ||| INVOKING Spit Poison.
    27 | D:1      | 27 ||| INVOKING Spit Poison.
    42 | D:1      | 42 ||| INVOKING Spit Poison.
    47 | D:1      | 47 ||| INVOKING Spit Poison.
    50 | D:1      | Reached skill level 4 in Ranged Weapons
    50 | D:1      | Reached XP level 2. HP: 12/26 MP: 2/2
   144 | D:1      | 144 ||| INVOKING Spit Poison.
   149 | D:1      | 149 ||| INVOKING Spit Poison.
   155 | D:1      | 155 ||| INVOKING Spit Poison.
   162 | D:1      | 162 ||| INVOKING Spit Poison.
   191 | D:1      | 191 ||| INVOKING Spit Poison.
   234 | D:1      | 234 ||| INVOKING Spit Poison.
   235 | D:1      | 235 ||| INVOKING Spit Poison.
   273 | D:1      | 273 ||| INVOKING Spit Poison.
   390 | D:1      | 390 ||| INVOKING Spit Poison.
   394 | D:1      | 394 ||| INVOKING Spit Poison.
   395 | D:1      | Reached XP level 3. HP: 26/32 MP: 3/3
   418 | D:1      | 418 ||| INVOKING Spit Poison.
   421 | D:1      | 421 ||| INVOKING Spit Poison.
   536 | D:1      | 536 ||| INVOKING Spit Poison.
   632 | D:1      | 632 ||| UPGRADING to ring of positive energy.
   633 | D:1      | 633 ||| READING scroll labelled MUOJUM YDUH.
   634 | D:1      | 634 ||| READING scroll labelled KIEWUS XUIRGH.
   635 | D:1      | 635 ||| READING scroll labelled TEEGOY CYKARIA.
   636 | D:1      | 636 ||| DROPPING scroll of butterflies.
   676 | D:2      | 676 ||| INVOKING Spit Poison.
   684 | D:2      | Noticed Natasha
   685 | D:2      | 685 ||| INVOKING Spit Poison.
   691 | D:2      | 691 ||| INVOKING Spit Poison.
   693 | D:2      | HP: 4/32 [Natasha (6)]
   694 | D:2      | Killed Natasha
   695 | D:2      | Reached skill level 5 in Ranged Weapons
   695 | D:2      | Reached XP level 4. HP: 5/39 MP: 4/4
   724 | D:2      | 724 ||| FLEEEEING.
   725 | D:2      | 725 ||| FLEEEEING.
   726 | D:2      | 726 ||| FLEEEEING.
   727 | D:2      | 727 ||| FLEEEEING.
   728 | D:2      | 728 ||| FLEEEEING.
   729 | D:2      | 729 ||| FLEEEEING.
   730 | D:2      | 730 ||| FLEEEEING.
   731 | D:2      | 731 ||| STAIRDANCE
   822 | D:2      | 822 ||| INVOKING Spit Poison.
   826 | D:2      | 826 ||| INVOKING Spit Poison.
   853 | D:2      | 853 ||| INVOKING Spit Poison.
   864 | D:2      | 864 ||| INVOKING Spit Poison.
   870 | D:2      | 870 ||| INVOKING Spit Poison.
   926 | D:2      | 926 ||| INVOKING Spit Poison.
   932 | D:2      | 932 ||| INVOKING Spit Poison.
   937 | D:2      | 937 ||| INVOKING Spit Poison.
  1038 | D:2      | Identified the +1 leather armour of the Echidna {Dex+3}
  1049 | D:2      | 1049 ||| INVOKING Spit Poison.
  1064 | D:2      | Noticed Terence
  1066 | D:2      | 1066 ||| INVOKING Spit Poison.
  1071 | D:2      | Killed Terence
  1072 | D:2      | Reached skill level 3 in Fighting
  1072 | D:2      | Reached XP level 5. HP: 49/49 MP: 5/5
  1087 | D:2      | Noticed Natasha
  1089 | D:2      | 1089 ||| INVOKING Spit Poison.
  1095 | D:2      | 1095 ||| INVOKING Spit Poison.
  1099 | D:2      | 1099 ||| INVOKING Spit Poison.
  1099 | D:2      | Killed Natasha
  1338 | D:2      | 1338 ||| UPGRADING to +1 leather armour of the Echidna
                  | {Dex+3}.
  1348 | D:2      | 1348 ||| DROPPING +0 leather armour.
  1349 | D:2      | 1349 ||| READING scroll labelled IMELEGU ZUXINE.
  1350 | D:2      | 1350 ||| READING scroll labelled YVINWA GEPLOF.
  1351 | D:2      | 1351 ||| READING scroll labelled TEAVAXT BANUS.
  1352 | D:2      | 1352 ||| DRINKING 2 white potions.
  1353 | D:2      | 1353 ||| READING 2 scrolls of identify.
  1353 | D:2      | 1353 ||| IDENTIFYING purple potion
  1354 | D:2      | 1354 ||| DROPPING potion of brilliance.
  1355 | D:2      | 1355 ||| DROPPING potion of degeneration.
  1362 | D:3      | 1362 ||| PLANNING SEWER
  1362 | D:3      | 1362 ||| INVOKING Spit Poison.
  1417 | D:3      | 1417 ||| INVOKING Spit Poison.
  1463 | D:3      | 1463 ||| INVOKING Spit Poison.
  1506 | D:3      | Noticed Sigmund
  1508 | D:3      | 1508 ||| INVOKING Spit Poison.
  1512 | D:3      | Killed Sigmund
  1513 | D:3      | Reached skill level 6 in Ranged Weapons
  1513 | D:3      | Reached XP level 6. HP: 56/56 MP: 6/6
  1514 | D:3      | 1514 ||| INVOKING Spit Poison.
  1533 | D:3      | 1533 ||| INVOKING Spit Poison.
  1587 | D:3      | 1587 ||| INVOKING Spit Poison.
  1610 | D:3      | 1610 ||| INVOKING Spit Poison.
  1650 | D:3      | 1650 ||| INVOKING Spit Poison.
  1662 | D:3      | 1662 ||| INVOKING Spit Poison.
  1686 | D:3      | Found a shadowy altar of Dithmenos.
  1865 | D:3      | 1865 ||| RIP SEWER
  1881 | D:3      | 1881 ||| PLANNING D:1-11
  1881 | D:3      | 1881 ||| UPGRADING to ring of resist corrosion.
  1882 | D:3      | 1882 ||| READING scroll labelled ELLITR XOFREVI.
  1968 | D:4      | 1968 ||| INVOKING Spit Poison.
  2073 | D:4      | Noticed Eustachio
  2074 | D:4      | 2074 ||| INVOKING Spit Poison.
  2081 | D:4      | 2081 ||| INVOKING Spit Poison.
  2085 | D:4      | Killed Eustachio
  2086 | D:4      | Reached skill level 3 in Dodging
  2086 | D:4      | Reached XP level 7. HP: 38/62 MP: 7/7
  2191 | D:4      | 2191 ||| INVOKING Spit Poison.
  2198 | D:4      | 2198 ||| INVOKING Spit Poison.
  2203 | D:4      | 2203 ||| INVOKING Spit Poison.
  2478 | D:4      | 2478 ||| INVOKING Spit Poison.
  2484 | D:4      | 2484 ||| INVOKING Spit Poison.
  2524 | D:4      | You fall into a shaft and drop 2 floors!
  2528 | D:6      | 2528 ||| READING scroll labelled REXOXK SITAS.
  2533 | D:6      | 2533 ||| READING 2 scrolls of identify.
  2533 | D:6      | 2533 ||| IDENTIFYING lumpy dark potion
  2534 | D:6      | 2534 ||| DROPPING potion of invisibility.
  2535 | D:6      | 2535 ||| Stepping randomly (stuck).
  2536 | D:6      | 2536 ||| Stepping randomly (stuck).
  2537 | D:6      | 2537 ||| Stepping randomly (stuck).
  2538 | D:6      | 2538 ||| Stepping randomly (stuck).
  2539 | D:6      | 2539 ||| Stepping randomly (stuck).
  2540 | D:6      | 2540 ||| Stepping randomly (stuck).
  2541 | D:6      | 2541 ||| Stepping randomly (stuck).
  2542 | D:6      | 2542 ||| Stepping randomly (stuck).
  2543 | D:6      | 2543 ||| Stepping randomly (stuck).
  2544 | D:6      | 2544 ||| Stepping randomly (stuck).
  2545 | D:6      | 2545 ||| Stepping randomly (stuck).
  2546 | D:6      | 2546 ||| Stepping randomly (stuck).
  2547 | D:6      | 2547 ||| Stepping randomly (stuck).
  2548 | D:6      | 2548 ||| Stepping randomly (stuck).
  2549 | D:6      | 2549 ||| Stepping randomly (stuck).
  2550 | D:6      | 2550 ||| Stepping randomly (stuck).
  2551 | D:6      | 2551 ||| Stepping randomly (stuck).
  2552 | D:6      | 2552 ||| Stepping randomly (stuck).
  2553 | D:6      | 2553 ||| Stepping randomly (stuck).
  2554 | D:6      | 2554 ||| Stepping randomly (stuck).
  2555 | D:6      | 2555 ||| Stepping randomly (stuck).
  2556 | D:6      | 2556 ||| Stepping randomly (stuck).
  2557 | D:6      | 2557 ||| Stepping randomly (stuck).
  2558 | D:6      | 2558 ||| Stepping randomly (stuck).
  2559 | D:6      | 2559 ||| Stepping randomly (stuck).
  2560 | D:6      | 2560 ||| Stepping randomly (stuck).
  2561 | D:6      | 2561 ||| Stepping randomly (stuck).
  2562 | D:6      | 2562 ||| Stepping randomly (stuck).
  2563 | D:6      | 2563 ||| Stepping randomly (stuck).
  2564 | D:6      | 2564 ||| Stepping randomly (stuck).
  2565 | D:6      | 2565 ||| Stepping randomly (stuck).
  2566 | D:6      | 2566 ||| Stepping randomly (stuck).
  2567 | D:6      | 2567 ||| Stepping randomly (stuck).
  2568 | D:6      | 2568 ||| Stepping randomly (stuck).
  2569 | D:6      | 2569 ||| Stepping randomly (stuck).
  2570 | D:6      | 2570 ||| Stepping randomly (stuck).
  2571 | D:6      | 2571 ||| Stepping randomly (stuck).
  2572 | D:6      | 2572 ||| Stepping randomly (stuck).
  2573 | D:6      | 2573 ||| Stepping randomly (stuck).
  2574 | D:6      | 2574 ||| Stepping randomly (stuck).
  2575 | D:6      | 2575 ||| Stepping randomly (stuck).
  2576 | D:6      | 2576 ||| Stepping randomly (stuck).
  2577 | D:6      | 2577 ||| Stepping randomly (stuck).
  2578 | D:6      | 2578 ||| Stepping randomly (stuck).
  2579 | D:6      | 2579 ||| Stepping randomly (stuck).
  2580 | D:6      | 2580 ||| Stepping randomly (stuck).
  2581 | D:6      | 2581 ||| Stepping randomly (stuck).
  2582 | D:6      | 2582 ||| Stepping randomly (stuck).
  2583 | D:6      | 2583 ||| Stepping randomly (stuck).
  2584 | D:6      | 2584 ||| Stepping randomly (stuck).
  2585 | D:6      | 2585 ||| Stepping randomly (stuck).
  2586 | D:6      | 2586 ||| Stepping randomly (stuck).
  2587 | D:6      | 2587 ||| Stepping randomly (stuck).
  2588 | D:6      | 2588 ||| Stepping randomly (stuck).
  2589 | D:6      | 2589 ||| Stepping randomly (stuck).
  2590 | D:6      | 2590 ||| Stepping randomly (stuck).
  2591 | D:6      | 2591 ||| Stepping randomly (stuck).
  2592 | D:6      | 2592 ||| Stepping randomly (stuck).
  2593 | D:6      | 2593 ||| Stepping randomly (stuck).
  2594 | D:6      | 2594 ||| Stepping randomly (stuck).
  2595 | D:6      | 2595 ||| Stepping randomly (stuck).
  2596 | D:6      | 2596 ||| Stepping randomly (stuck).
  2597 | D:6      | 2597 ||| Stepping randomly (stuck).
  2598 | D:6      | 2598 ||| Stepping randomly (stuck).
  2599 | D:6      | 2599 ||| Stepping randomly (stuck).
  2600 | D:6      | 2600 ||| Stepping randomly (stuck).
  2601 | D:6      | 2601 ||| Stepping randomly (stuck).
  2602 | D:6      | 2602 ||| Stepping randomly (stuck).
  2603 | D:6      | 2603 ||| Stepping randomly (stuck).
  2604 | D:6      | 2604 ||| Stepping randomly (stuck).
  2605 | D:6      | 2605 ||| Stepping randomly (stuck).
  2606 | D:6      | 2606 ||| Stepping randomly (stuck).
  2607 | D:6      | 2607 ||| Stepping randomly (stuck).
  2608 | D:6      | 2608 ||| Stepping randomly (stuck).
  2609 | D:6      | 2609 ||| Stepping randomly (stuck).
  2610 | D:6      | 2610 ||| Stepping randomly (stuck).
  2611 | D:6      | 2611 ||| Stepping randomly (stuck).
  2612 | D:6      | 2612 ||| Stepping randomly (stuck).
  2613 | D:6      | 2613 ||| Stepping randomly (stuck).
  2614 | D:6      | 2614 ||| Stepping randomly (stuck).
  2615 | D:6      | 2615 ||| Stepping randomly (stuck).
  2616 | D:6      | 2616 ||| Stepping randomly (stuck).
  2617 | D:6      | 2617 ||| Stepping randomly (stuck).
  2618 | D:6      | 2618 ||| Stepping randomly (stuck).
  2619 | D:6      | 2619 ||| Stepping randomly (stuck).
  2620 | D:6      | 2620 ||| Stepping randomly (stuck).
  2621 | D:6      | 2621 ||| Stepping randomly (stuck).
  2622 | D:6      | 2622 ||| Stepping randomly (stuck).
  2623 | D:6      | 2623 ||| Stepping randomly (stuck).
  2624 | D:6      | 2624 ||| Stepping randomly (stuck).
  2625 | D:6      | 2625 ||| Stepping randomly (stuck).
  2626 | D:6      | 2626 ||| Stepping randomly (stuck).
  2627 | D:6      | 2627 ||| Stepping randomly (stuck).
  2628 | D:6      | 2628 ||| Stepping randomly (stuck).
  2629 | D:6      | 2629 ||| Stepping randomly (stuck).
  2630 | D:6      | 2630 ||| Stepping randomly (stuck).
  2631 | D:6      | 2631 ||| Stepping randomly (stuck).
  2632 | D:6      | 2632 ||| Stepping randomly (stuck).
  2633 | D:6      | 2633 ||| Stepping randomly (stuck).
  2634 | D:6      | 2634 ||| Stepping randomly (stuck).
  2635 | D:6      | 2635 ||| Stepping randomly (stuck).
  2636 | D:6      | 2636 ||| Stepping randomly (stuck).
  2637 | D:6      | 2637 ||| Stepping randomly (stuck).
  2638 | D:6      | 2638 ||| Stepping randomly (stuck).
  2639 | D:6      | 2639 ||| Stepping randomly (stuck).
  2640 | D:6      | 2640 ||| Stepping randomly (stuck).
  2641 | D:6      | 2641 ||| Stepping randomly (stuck).
  2642 | D:6      | 2642 ||| Stepping randomly (stuck).
  2643 | D:6      | 2643 ||| Stepping randomly (stuck).
  2644 | D:6      | 2644 ||| Stepping randomly (stuck).
  2645 | D:6      | 2645 ||| Stepping randomly (stuck).
  2646 | D:6      | 2646 ||| Stepping randomly (stuck).
  2647 | D:6      | 2647 ||| Stepping randomly (stuck).
  2648 | D:6      | 2648 ||| Stepping randomly (stuck).
  2649 | D:6      | 2649 ||| Stepping randomly (stuck).
  2650 | D:6      | 2650 ||| Stepping randomly (stuck).
  2651 | D:6      | 2651 ||| Stepping randomly (stuck).
  2652 | D:6      | 2652 ||| Stepping randomly (stuck).
  2653 | D:6      | 2653 ||| Stepping randomly (stuck).
  2654 | D:6      | 2654 ||| Stepping randomly (stuck).
  2655 | D:6      | 2655 ||| Stepping randomly (stuck).
  2656 | D:6      | 2656 ||| Stepping randomly (stuck).
  2657 | D:6      | 2657 ||| Stepping randomly (stuck).
  2658 | D:6      | 2658 ||| Stepping randomly (stuck).
  2660 | D:6      | 2660 ||| Stepping randomly (stuck).
  2661 | D:6      | 2661 ||| Stepping randomly (stuck).
  2662 | D:6      | 2662 ||| Stepping randomly (stuck).
  2663 | D:6      | 2663 ||| Stepping randomly (stuck).
  2664 | D:6      | 2664 ||| Stepping randomly (stuck).
  2665 | D:6      | 2665 ||| Stepping randomly (stuck).
  2666 | D:6      | 2666 ||| Stepping randomly (stuck).
  2667 | D:6      | 2667 ||| Stepping randomly (stuck).
  2668 | D:6      | 2668 ||| Stepping randomly (stuck).
  2669 | D:6      | 2669 ||| Stepping randomly (stuck).
  2670 | D:6      | 2670 ||| Stepping randomly (stuck).
  2671 | D:6      | 2671 ||| Stepping randomly (stuck).
  2672 | D:6      | 2672 ||| Stepping randomly (stuck).
  2673 | D:6      | 2673 ||| Stepping randomly (stuck).
  2674 | D:6      | 2674 ||| Stepping randomly (stuck).
  2675 | D:6      | 2675 ||| Stepping randomly (stuck).
  2676 | D:6      | 2676 ||| Stepping randomly (stuck).
  2677 | D:6      | 2677 ||| Stepping randomly (stuck).
  2678 | D:6      | 2678 ||| Stepping randomly (stuck).
  2679 | D:6      | 2679 ||| Stepping randomly (stuck).
  2680 | D:6      | 2680 ||| Stepping randomly (stuck).
  2681 | D:6      | 2681 ||| Stepping randomly (stuck).
  2682 | D:6      | 2682 ||| Stepping randomly (stuck).
  2683 | D:6      | 2683 ||| Stepping randomly (stuck).
  2684 | D:6      | 2684 ||| Stepping randomly (stuck).
  2685 | D:6      | 2685 ||| Stepping randomly (stuck).
  2686 | D:6      | 2686 ||| Stepping randomly (stuck).
  2687 | D:6      | 2687 ||| Stepping randomly (stuck).
  2688 | D:6      | 2688 ||| Stepping randomly (stuck).
  2689 | D:6      | 2689 ||| Stepping randomly (stuck).
  2690 | D:6      | 2690 ||| Stepping randomly (stuck).
  2691 | D:6      | 2691 ||| Stepping randomly (stuck).
  2692 | D:6      | 2692 ||| Stepping randomly (stuck).
  2693 | D:6      | 2693 ||| Stepping randomly (stuck).
  2694 | D:6      | 2694 ||| Stepping randomly (stuck).
  2695 | D:6      | 2695 ||| Stepping randomly (stuck).
  2696 | D:6      | 2696 ||| Stepping randomly (stuck).
  2697 | D:6      | 2697 ||| Stepping randomly (stuck).
  2698 | D:6      | 2698 ||| Stepping randomly (stuck).
  2699 | D:6      | 2699 ||| Stepping randomly (stuck).
  2700 | D:6      | 2700 ||| Stepping randomly (stuck).
  2701 | D:6      | 2701 ||| Stepping randomly (stuck).
  2702 | D:6      | 2702 ||| Stepping randomly (stuck).
  2703 | D:6      | 2703 ||| Stepping randomly (stuck).
  2704 | D:6      | 2704 ||| Stepping randomly (stuck).
  2705 | D:6      | 2705 ||| Stepping randomly (stuck).
  2706 | D:6      | 2706 ||| Stepping randomly (stuck).
  2707 | D:6      | 2707 ||| Stepping randomly (stuck).
  2708 | D:6      | 2708 ||| Stepping randomly (stuck).
  2709 | D:6      | 2709 ||| Stepping randomly (stuck).
  2710 | D:6      | 2710 ||| Stepping randomly (stuck).
  2711 | D:6      | 2711 ||| Stepping randomly (stuck).
  2712 | D:6      | 2712 ||| Stepping randomly (stuck).
  2713 | D:6      | 2713 ||| Stepping randomly (stuck).
  2714 | D:6      | 2714 ||| Stepping randomly (stuck).
  2715 | D:6      | 2715 ||| Stepping randomly (stuck).
  2716 | D:6      | 2716 ||| Stepping randomly (stuck).
  2717 | D:6      | 2717 ||| Stepping randomly (stuck).
  2718 | D:6      | 2718 ||| Stepping randomly (stuck).
  2719 | D:6      | 2719 ||| Stepping randomly (stuck).
  2720 | D:6      | 2720 ||| Stepping randomly (stuck).
  2721 | D:6      | 2721 ||| Stepping randomly (stuck).
  2722 | D:6      | 2722 ||| Stepping randomly (stuck).
  2723 | D:6      | 2723 ||| Stepping randomly (stuck).
  2724 | D:6      | 2724 ||| Stepping randomly (stuck).
  2725 | D:6      | 2725 ||| Stepping randomly (stuck).
  2726 | D:6      | 2726 ||| Stepping randomly (stuck).
  2727 | D:6      | 2727 ||| Stepping randomly (stuck).
  2728 | D:6      | 2728 ||| Stepping randomly (stuck).
  2729 | D:6      | 2729 ||| Stepping randomly (stuck).
  2730 | D:6      | 2730 ||| Stepping randomly (stuck).
  2731 | D:6      | 2731 ||| Stepping randomly (stuck).
  2732 | D:6      | 2732 ||| Stepping randomly (stuck).
  2733 | D:6      | 2733 ||| Stepping randomly (stuck).
  2734 | D:6      | 2734 ||| Stepping randomly (stuck).
  2735 | D:6      | 2735 ||| Stepping randomly (stuck).
  2736 | D:6      | 2736 ||| Stepping randomly (stuck).
  2737 | D:6      | 2737 ||| Stepping randomly (stuck).
  2738 | D:6      | 2738 ||| Stepping randomly (stuck).
  2739 | D:6      | 2739 ||| Stepping randomly (stuck).
  2740 | D:6      | 2740 ||| Stepping randomly (stuck).
  2741 | D:6      | 2741 ||| Stepping randomly (stuck).
  2742 | D:6      | 2742 ||| Stepping randomly (stuck).
  2743 | D:6      | 2743 ||| Stepping randomly (stuck).
  2744 | D:6      | 2744 ||| Stepping randomly (stuck).
  2745 | D:6      | 2745 ||| Stepping randomly (stuck).
  2746 | D:6      | 2746 ||| Stepping randomly (stuck).
  2747 | D:6      | 2747 ||| Stepping randomly (stuck).
  2748 | D:6      | 2748 ||| Stepping randomly (stuck).
  2749 | D:6      | 2749 ||| Stepping randomly (stuck).
  2750 | D:6      | 2750 ||| Stepping randomly (stuck).
  2751 | D:6      | 2751 ||| Stepping randomly (stuck).
  2752 | D:6      | 2752 ||| Stepping randomly (stuck).
  2753 | D:6      | 2753 ||| Stepping randomly (stuck).
  2754 | D:6      | 2754 ||| Stepping randomly (stuck).
  2755 | D:6      | 2755 ||| Stepping randomly (stuck).
  2756 | D:6      | 2756 ||| Stepping randomly (stuck).
  2757 | D:6      | 2757 ||| Stepping randomly (stuck).
  2758 | D:6      | 2758 ||| Stepping randomly (stuck).
  2759 | D:6      | 2759 ||| Stepping randomly (stuck).
  2760 | D:6      | 2760 ||| Stepping randomly (stuck).
  2761 | D:6      | 2761 ||| Stepping randomly (stuck).
  2762 | D:6      | 2762 ||| Stepping randomly (stuck).
  2763 | D:6      | 2763 ||| Stepping randomly (stuck).
  2764 | D:6      | 2764 ||| Stepping randomly (stuck).
  2765 | D:6      | 2765 ||| Stepping randomly (stuck).
  2766 | D:6      | 2766 ||| Stepping randomly (stuck).
  2767 | D:6      | 2767 ||| Stepping randomly (stuck).
  2768 | D:6      | 2768 ||| Stepping randomly (stuck).
  2769 | D:6      | 2769 ||| Stepping randomly (stuck).
  2770 | D:6      | 2770 ||| Stepping randomly (stuck).
  2771 | D:6      | 2771 ||| Stepping randomly (stuck).
  2772 | D:6      | 2772 ||| Stepping randomly (stuck).
  2773 | D:6      | 2773 ||| Stepping randomly (stuck).
  2774 | D:6      | 2774 ||| Stepping randomly (stuck).
  2775 | D:6      | 2775 ||| Stepping randomly (stuck).
  2776 | D:6      | 2776 ||| Stepping randomly (stuck).
  2777 | D:6      | 2777 ||| Stepping randomly (stuck).
  2778 | D:6      | 2778 ||| Stepping randomly (stuck).
  2779 | D:6      | 2779 ||| Stepping randomly (stuck).
  2780 | D:6      | 2780 ||| Stepping randomly (stuck).
  2781 | D:6      | 2781 ||| Stepping randomly (stuck).
  2782 | D:6      | 2782 ||| Stepping randomly (stuck).
  2783 | D:6      | 2783 ||| Stepping randomly (stuck).
  2784 | D:6      | 2784 ||| Stepping randomly (stuck).
  2785 | D:6      | 2785 ||| Stepping randomly (stuck).
  2786 | D:6      | 2786 ||| Stepping randomly (stuck).
  2787 | D:6      | 2787 ||| Stepping randomly (stuck).
  2788 | D:6      | 2788 ||| Stepping randomly (stuck).
  2789 | D:6      | 2789 ||| Stepping randomly (stuck).
  2790 | D:6      | 2790 ||| Stepping randomly (stuck).
  2791 | D:6      | 2791 ||| Stepping randomly (stuck).
  2792 | D:6      | 2792 ||| Stepping randomly (stuck).
  2793 | D:6      | 2793 ||| Stepping randomly (stuck).
  2794 | D:6      | 2794 ||| Stepping randomly (stuck).
  2795 | D:6      | 2795 ||| Stepping randomly (stuck).
  2796 | D:6      | 2796 ||| Stepping randomly (stuck).
  2797 | D:6      | 2797 ||| Stepping randomly (stuck).
  2798 | D:6      | 2798 ||| Stepping randomly (stuck).
  2799 | D:6      | 2799 ||| Stepping randomly (stuck).
  2800 | D:6      | 2800 ||| Stepping randomly (stuck).
  2801 | D:6      | 2801 ||| Stepping randomly (stuck).
  2802 | D:6      | 2802 ||| Stepping randomly (stuck).
  2803 | D:6      | 2803 ||| Stepping randomly (stuck).
  2804 | D:6      | 2804 ||| Stepping randomly (stuck).
  2805 | D:6      | 2805 ||| Stepping randomly (stuck).
  2806 | D:6      | 2806 ||| Stepping randomly (stuck).
  2807 | D:6      | 2807 ||| Stepping randomly (stuck).
  2808 | D:6      | 2808 ||| Stepping randomly (stuck).
  2809 | D:6      | 2809 ||| Stepping randomly (stuck).
  2810 | D:6      | 2810 ||| Stepping randomly (stuck).
  2811 | D:6      | 2811 ||| Stepping randomly (stuck).
  2812 | D:6      | 2812 ||| Stepping randomly (stuck).
  2813 | D:6      | 2813 ||| Stepping randomly (stuck).
  2814 | D:6      | 2814 ||| Stepping randomly (stuck).
  2815 | D:6      | 2815 ||| Stepping randomly (stuck).
  2816 | D:6      | 2816 ||| Stepping randomly (stuck).
  2817 | D:6      | 2817 ||| Stepping randomly (stuck).
  2818 | D:6      | 2818 ||| Stepping randomly (stuck).
  2819 | D:6      | 2819 ||| Stepping randomly (stuck).
  2820 | D:6      | 2820 ||| Stepping randomly (stuck).
  2821 | D:6      | 2821 ||| Stepping randomly (stuck).
  2822 | D:6      | 2822 ||| Stepping randomly (stuck).
  2823 | D:6      | 2823 ||| Stepping randomly (stuck).
  2824 | D:6      | 2824 ||| Stepping randomly (stuck).
  2825 | D:6      | 2825 ||| Stepping randomly (stuck).
  2826 | D:6      | 2826 ||| Stepping randomly (stuck).
  2827 | D:6      | 2827 ||| Stepping randomly (stuck).
  2828 | D:6      | 2828 ||| Stepping randomly (stuck).
  2829 | D:6      | 2829 ||| Stepping randomly (stuck).
  2830 | D:6      | 2830 ||| Stepping randomly (stuck).
  2831 | D:6      | 2831 ||| Stepping randomly (stuck).
  2832 | D:6      | 2832 ||| Stepping randomly (stuck).
  2833 | D:6      | 2833 ||| Stepping randomly (stuck).
  2834 | D:6      | 2834 ||| Stepping randomly (stuck).
  2835 | D:6      | 2835 ||| Stepping randomly (stuck).
  2836 | D:6      | 2836 ||| Stepping randomly (stuck).
  2837 | D:6      | 2837 ||| Stepping randomly (stuck).
  2838 | D:6      | 2838 ||| Stepping randomly (stuck).
  2839 | D:6      | 2839 ||| Stepping randomly (stuck).
  2840 | D:6      | 2840 ||| Stepping randomly (stuck).
  2841 | D:6      | 2841 ||| Stepping randomly (stuck).
  2842 | D:6      | 2842 ||| Stepping randomly (stuck).
  2843 | D:6      | 2843 ||| Stepping randomly (stuck).
  2844 | D:6      | 2844 ||| Stepping randomly (stuck).
  2845 | D:6      | 2845 ||| Stepping randomly (stuck).
  2846 | D:6      | 2846 ||| Stepping randomly (stuck).
  2847 | D:6      | 2847 ||| Stepping randomly (stuck).
  2848 | D:6      | 2848 ||| Stepping randomly (stuck).
  2849 | D:6      | 2849 ||| Stepping randomly (stuck).
  2850 | D:6      | 2850 ||| Stepping randomly (stuck).
  2851 | D:6      | 2851 ||| Stepping randomly (stuck).
  2852 | D:6      | 2852 ||| Stepping randomly (stuck).
  2853 | D:6      | 2853 ||| Stepping randomly (stuck).
  2854 | D:6      | 2854 ||| Stepping randomly (stuck).
  2855 | D:6      | 2855 ||| Stepping randomly (stuck).
  2856 | D:6      | 2856 ||| Stepping randomly (stuck).
  2857 | D:6      | 2857 ||| Stepping randomly (stuck).
  2858 | D:6      | 2858 ||| Stepping randomly (stuck).
  2859 | D:6      | 2859 ||| Stepping randomly (stuck).
  2860 | D:6      | 2860 ||| Stepping randomly (stuck).
  2861 | D:6      | 2861 ||| Stepping randomly (stuck).
  2862 | D:6      | 2862 ||| Stepping randomly (stuck).
  2863 | D:6      | 2863 ||| Stepping randomly (stuck).
  2864 | D:6      | 2864 ||| Stepping randomly (stuck).
  2865 | D:6      | 2865 ||| Stepping randomly (stuck).
  2866 | D:6      | 2866 ||| Stepping randomly (stuck).
  2867 | D:6      | 2867 ||| Stepping randomly (stuck).
  2868 | D:6      | 2868 ||| Stepping randomly (stuck).
  2869 | D:6      | 2869 ||| Stepping randomly (stuck).
  2870 | D:6      | 2870 ||| Stepping randomly (stuck).
  2871 | D:6      | 2871 ||| Stepping randomly (stuck).
  2872 | D:6      | 2872 ||| Stepping randomly (stuck).
  2873 | D:6      | 2873 ||| Stepping randomly (stuck).
  2874 | D:6      | 2874 ||| Stepping randomly (stuck).
  2875 | D:6      | 2875 ||| Stepping randomly (stuck).
  2876 | D:6      | 2876 ||| Stepping randomly (stuck).
  2877 | D:6      | 2877 ||| Stepping randomly (stuck).
  2878 | D:6      | 2878 ||| Stepping randomly (stuck).
  2898 | D:5      | Entered Level 5 of the Dungeon
  2911 | D:5      | 2911 ||| INVOKING Spit Poison.
  2917 | D:5      | 2917 ||| READING scroll of brand weapon.
  2917 | D:5      | 2917 ||| BRANDING +0 shortbow of freezing.
  2959 | D:5      | Found an opulent altar of Gozag.
  3069 | D:5      | 3069 ||| INVOKING Spit Poison.
  3073 | D:5      | 3073 ||| INVOKING Spit Poison.
  3080 | D:5      | 3080 ||| INVOKING Spit Poison.
  3084 | D:5      | Reached skill level 7 in Ranged Weapons
  3095 | D:5      | 3095 ||| DRINKING 2 metallic sapphire potions.
  3127 | D:5      | 3127 ||| DRINKING 2 bubbling green potions.
  3232 | D:5      | 3232 ||| DROPPING potion of lignification.
  3233 | D:5      | 3233 ||| DROPPING potion of berserk rage.
  3237 | D:5      | 3237 ||| STAIRDANCE
  3242 | D:4      | 3242 ||| INVOKING Spit Poison.
  3265 | D:4      | 3265 ||| INVOKING Spit Poison.
  3311 | D:4      | 3311 ||| INVOKING Spit Poison.
  3381 | D:4      | Found an ancient bone altar of Kikubaaqudgha.
  3622 | D:4      | 3622 ||| READING 4 scrolls of identify.
  3622 | D:4      | 3622 ||| IDENTIFYING sedimented coppery potion
  3623 | D:4      | 3623 ||| READING 3 scrolls of identify.
  3623 | D:4      | 3623 ||| IDENTIFYING murky purple potion
  3675 | D:5      | 3675 ||| INVOKING Spit Poison.
  3691 | D:5      | 3691 ||| INVOKING Spit Poison.
  3694 | D:5      | Reached XP level 8. HP: 72/72 MP: 8/8
  3727 | D:5      | Found a shimmering blue altar of Sif Muna.
  3813 | D:5      | Found a staircase to the Ecumenical Temple.
  3814 | D:5      | 3814 ||| PLANNING TEMPLE
  3814 | D:5      | 3814 ||| READING 2 scrolls of identify.
  3814 | D:5      | 3814 ||| IDENTIFYING fizzy golden potion
  3823 | Temple   | Entered the Ecumenical Temple
  3983 | Temple   | 3983 ||| PLANNING OKAWARU WORSHIP
  4113 | Temple   | Became a worshipper of Warmaster Okawaru
  4114 | Temple   | 4114 ||| PLANNING D:1-11
  4159 | D:5      | Noticed Prince Ribbit
  4160 | D:5      | 4160 ||| INVOKING Spit Poison.
  4165 | D:5      | 4165 ||| INVOKING Spit Poison.
  4168 | D:5      | HP: 13/72 [Prince Ribbit (14)]
  4169 | D:5      | 4169 ||| DRINKING 3 potions of heal wounds.
  4170 | D:5      | 4170 ||| INVOKING Spit Poison.
  4170 | D:5      | Killed Prince Ribbit
  4171 | D:5      | Reached skill level 8 in Ranged Weapons
  4636 | D:5      | 4636 ||| INVOKING Spit Poison.
  4679 | D:5      | 4679 ||| INVOKING Spit Poison.
  4680 | D:5      | Reached * piety under Okawaru
  4829 | D:6      | Noticed Dowan
  4830 | D:6      | 4830 ||| INVOKING Heroism.
  4831 | D:6      | Noticed Duvessa
  4832 | D:6      | 4832 ||| INVOKING Spit Poison.
  4837 | D:6      | Killed Dowan
  4838 | D:6      | 4838 ||| INVOKING Spit Poison.
  4845 | D:6      | 4845 ||| INVOKING Spit Poison.
  4845 | D:6      | Killed Duvessa
  5010 | D:6      | 5010 ||| INVOKING Spit Poison.
  5018 | D:6      | 5018 ||| INVOKING Spit Poison.
  5025 | D:6      | 5025 ||| INVOKING Spit Poison.
  5030 | D:6      | 5030 ||| INVOKING Spit Poison.
  5031 | D:6      | Reached skill level 9 in Ranged Weapons
  5031 | D:6      | 5031 ||| INVOKING Heroism.
  5035 | D:6      | 5035 ||| INVOKING Spit Poison.
  5296 | D:6      | 5296 ||| INVOKING Heroism.
  5375 | D:6      | 5375 ||| INVOKING Spit Poison.
  5380 | D:6      | Reached skill level 6 in Fighting
  5380 | D:6      | Reached XP level 9. HP: 82/82 MP: 9/9
  5425 | D:6      | 5425 ||| INVOKING Spit Poison.
  5433 | D:6      | 5433 ||| INVOKING Spit Poison.
  5525 | D:6      | Found a sacrificial altar of Ru.
  5705 | D:6      | 5705 ||| INVOKING Spit Poison.
  5710 | D:6      | 5710 ||| INVOKING Spit Poison.
  5711 | D:6      | Reached skill level 1 in Invocations
  5895 | D:7      | 5895 ||| INVOKING Heroism.
  5906 | D:7      | HP: 19/79 [poisoned by a wight]
  6406 | D:6      | 6406 ||| Stepping randomly (stuck).
  6500 | D:7      | 6500 ||| INVOKING Spit Poison.
  6505 | D:7      | 6505 ||| INVOKING Spit Poison.
  6508 | D:7      | 6508 ||| INVOKING Spit Poison.
  6515 | D:7      | 6515 ||| INVOKING Spit Poison.
  6517 | D:7      | Reached skill level 10 in Ranged Weapons
  6528 | D:7      | Reached skill level 3 in Invocations
  6577 | D:7      | 6577 ||| INVOKING Spit Poison.
  6666 | D:7      | 6666 ||| INVOKING Spit Poison.
  6680 | D:7      | 6680 ||| INVOKING Spit Poison.
  6687 | D:7      | 6687 ||| INVOKING Spit Poison.
  6751 | D:7      | Found a radiant altar of Vehumet.
  6753 | D:7      | 6753 ||| SWAPPING to +0 orcbow.
  6754 | D:7      | 6754 ||| DROPPING +0 shortbow of draining.
  6816 | D:7      | Noticed Pikel
  6817 | D:7      | 6817 ||| INVOKING Heroism.
  6818 | D:7      | 6818 ||| INVOKING Spit Poison.
  6822 | D:7      | 6822 ||| INVOKING Spit Poison.
  6827 | D:7      | 6827 ||| INVOKING Spit Poison.
  6832 | D:7      | 6832 ||| INVOKING Heroism.
  6833 | D:7      | 6833 ||| INVOKING Spit Poison.
  6837 | D:7      | 6837 ||| INVOKING Spit Poison.
  6837 | D:7      | Killed Pikel
  6947 | D:7      | 6947 ||| INVOKING Heroism.
  7128 | D:7      | 7128 ||| INVOKING Spit Poison.
  7131 | D:7      | Reached XP level 10. HP: 92/92 MP: 13/13
  7210 | D:7      | 7210 ||| INVOKING Heroism.
  7212 | D:7      | 7212 ||| INVOKING Spit Poison.
  7257 | D:7      | Found a runed translucent gate.
  7257 | D:7      | Found a runed translucent gate.
  7257 | D:7      | Found a runed translucent gate.
  7258 | D:7      | Noticed qw's ghost (novice GrFi)
  7317 | D:7      | 7317 ||| INVOKING Spit Poison.
  7321 | D:7      | 7321 ||| INVOKING Spit Poison.
  7327 | D:7      | 7327 ||| INVOKING Spit Poison.
  7328 | D:7      | 7328 ||| INVOKING Heroism.
  7334 | D:7      | 7334 ||| INVOKING Spit Poison.
  7458 | D:7      | 7458 ||| INVOKING Spit Poison.
  7551 | D:7      | 7551 ||| INVOKING Spit Poison.
  7555 | D:7      | 7555 ||| INVOKING Spit Poison.
  7565 | D:7      | 7565 ||| INVOKING Spit Poison.
  7570 | D:7      | 7570 ||| INVOKING Spit Poison.
  7576 | D:7      | 7576 ||| INVOKING Heroism.
  7577 | D:7      | 7577 ||| INVOKING Spit Poison.
  7582 | D:7      | 7582 ||| INVOKING Spit Poison.
  7586 | D:7      | 7586 ||| INVOKING Spit Poison.
  7593 | D:7      | 7593 ||| INVOKING Spit Poison.
  7593 | D:7      | HP: 22/90 [gnoll/+0 spear (6)]
  7594 | D:7      | 7594 ||| READING scroll of teleportation.
  7595 | D:7      | 7595 ||| DRINKING 3 potions of heal wounds.
  7758 | D:7      | 7758 ||| INVOKING Spit Poison.
  7793 | D:7      | 7793 ||| INVOKING Spit Poison.
  7872 | D:7      | Found an opulent altar of Gozag.
  7879 | D:7      | 7879 ||| INVOKING Spit Poison.
  7883 | D:7      | 7883 ||| INVOKING Heroism.
  7884 | D:7      | HP: 23/93 [poisoned by a hornet]
  7885 | D:7      | 7885 ||| DRINKING 2 potions of heal wounds.
  7886 | D:7      | 7886 ||| DRINKING potion of heal wounds.
  7887 | D:7      | 7887 ||| INVOKING Spit Poison.
  7891 | D:7      | HP: 7/94 [ogre/+0 giant club (17)]
  7896 | D:7      | HP: 3/94 [poisoned by a hornet]
  8165 | D:7      | 8165 ||| INVOKING Heroism.
  8166 | D:7      | 8166 ||| INVOKING Spit Poison.
  8167 | D:7      | 8167 ||| Stepping ~*~*~tactically~*~*~ (outnumbered).
  8172 | D:7      | 8172 ||| INVOKING Spit Poison.
  8181 | D:7      | Reached skill level 11 in Ranged Weapons
  8186 | D:7      | 8186 ||| INVOKING Spit Poison.
  8190 | D:7      | 8190 ||| Stepping ~*~*~tactically~*~*~ (outnumbered).
  8191 | D:7      | 8191 ||| INVOKING Spit Poison.
  8195 | D:7      | Reached skill level 1 in Armour
  8208 | D:7      | 8208 ||| INVOKING Heroism.
  8212 | D:7      | 8212 ||| INVOKING Spit Poison.
  8213 | D:7      | Identified the +10 halberd of Guilt {drain, Dex+3}
  8222 | D:7      | 8222 ||| INVOKING Spit Poison.
  8233 | D:7      | Noticed a cyclops
  8235 | D:7      | 8235 ||| INVOKING Spit Poison.
  8238 | D:7      | 8238 ||| FLEEEEING.
  8239 | D:7      | 8239 ||| FLEEEEING.
  8251 | D:7      | 8251 ||| FLEEEEING.
  8254 | D:7      | 8254 ||| FLEEEEING.
  8255 | D:7      | 8255 ||| FLEEEEING.
  8256 | D:7      | 8256 ||| FLEEEEING.
  8372 | D:7      | 8372 ||| INVOKING Heroism.
  8373 | D:7      | 8373 ||| INVOKING Spit Poison.
  8377 | D:7      | 8377 ||| INVOKING Spit Poison.
  8378 | D:7      | Killed a cyclops
  8378 | D:7      | Reached ** piety under Okawaru
  8388 | D:7      | 8388 ||| INVOKING Spit Poison.
  8394 | D:7      | 8394 ||| INVOKING Spit Poison.
  8584 | D:7      | 8584 ||| INVOKING Spit Poison.
  8606 | D:7      | Noticed a green ugly thing
  8619 | D:7      | 8619 ||| INVOKING Heroism.
  8624 | D:7      | Killed a green ugly thing
  8733 | D:7      | 8733 ||| INVOKING Spit Poison.
  8739 | D:7      | 8739 ||| INVOKING Spit Poison.
  8741 | D:7      | 8741 ||| INVOKING Heroism.
  8828 | D:7      | 8828 ||| INVOKING Spit Poison.
  8886 | D:7      | 8886 ||| SWAPPING to +2 orcbow of freezing.
  8887 | D:7      | 8887 ||| DROPPING +0 orcbow.
  9043 | D:7      | 9043 ||| UPGRADING to +2 helmet.
  9048 | D:7      | 9048 ||| READING scroll labelled PAL NIGYEQ.
  9049 | D:7      | 9049 ||| READING scroll labelled LUWNAMPOEF.
  9050 | D:7      | 9050 ||| DRINKING 2 smoky green potions.
  9051 | D:7      | 9051 ||| READING 2 scrolls of identify.
  9051 | D:7      | 9051 ||| IDENTIFYING bubbling golden potion
  9073 | D:8      | 9073 ||| INVOKING Heroism.
  9074 | D:8      | 9074 ||| INVOKING Spit Poison.
  9081 | D:8      | 9081 ||| INVOKING Spit Poison.
  9083 | D:8      | 9083 ||| STAIRDANCE
  9085 | D:7      | 9085 ||| INVOKING Spit Poison.
  9088 | D:7      | HP: 24/98 [yak (3)]
  9092 | D:7      | 9092 ||| INVOKING Spit Poison.
  9092 | D:7      | HP: 7/98 [yak (10)]
  9096 | D:7      | Slain by a yak

Levels and vault maps discovered:
D:1:      arrival_aquarium_b, layout_loops_ring
D:2:      layout_rooms, uniq_natasha, uniq_terence
D:3:      layout_rooms, mainiacjoe_overflow_24_doors, gup_sewer_entry_bowl,
          hangedman_abyss_or_decor_stabs, uniq_sigmund
D:4:      layout_basic, kiku_gazebo_pond_becter, uniq_eustachio
D:5:      layout_layer_cave, mainiacjoe_overflow_catch_the_wave,
          minmay_temple_entry_junction, due_unseen_surprise, uniq_prince_ribbit1
D:6:      layout_loops_cross, nicolae_ru_path_of_blood, uniq_duvessa
D:7:      minmay_the_grid_octo_tiled_squarecenter
          [minmay_the_grid_octo_fan_narrow,
          minmay_the_grid_octo_vomiting_pacman, minmay_the_grid_octo_horde,
          minmay_the_grid_octo_clover,
          minmay_the_grid_square_5x5_megaprize_open,
          minmay_the_grid_square_5x5_comb, minmay_the_grid_square_5x5_inner_z,
          minmay_the_grid_square_5x5_three_small,
          minmay_the_grid_square_5x5_inset], layout_rooms, lemuel_crystal_altar,
          ebering_ghost_rock_garden, uniq_pikel
D:8:      minmay_distorted_concentric_squares, layout_basic,
          nicolae_elyvilon_peaceful_grove, zin_scriptorium, serial_rivers,
          chequers_serial_rivers_micro_c, chequers_serial_rivers_micro_d,
          chequers_serial_rivers_small_b, chequers_serial_rivers_large_b,
          chequers_serial_rivers_room_a, chequers_serial_rivers_room_a,
          minmay_small_thing, uniq_joseph, uniq_maggie
Temple:   dpeg_chambers_temple

Skill      XL: |  1  2  3  4  5  6  7  8  9 10 |
---------------+-------------------------------+-----
Ranged Weapons | 4 5 6 7 9 10 11 | 11.5
Fighting       | 3 4 6 8 |  8.4
Dodging        | 3 4 |  4.4
Invocations    | 5 |  5.0
Armour         | 1 |  1.2
Stealth        | |  1.5

Action                     |  1- 3 |  4- 6 |  7- 9 | 10-12 || total
---------------------------+-------+-------+-------+-------++-------
   Fire: Shortbow          |    55 |    73 |   264 |       ||   392
         Orcbow            |       |       |    32 |   182 ||   214
 Invoke: Heroism           |       |       |     7 |    10 ||    17
Ability: Spit Poison       |    20 |    26 |    46 |    37 ||   129
    Use: Scroll            |     3 |     5 |     6 |     4 ||    18
         Potion            |       |     1 |     3 |     4 ||     8
 Armour: Leather armour    |     1 |    15 |    34 |    37 ||    87
  Dodge: Dodged            |     8 |    24 |    87 |   130 ||   249

Table legend:
 A = Non-vault XP
 B = Vault XP
 C = Vault XP percentage of total XP
 D = Non-vault monster count
 E = Vault monster count
 F = Vault count percentage of total count
                 A         B        C        D         E       F
            +---------+---------+-------+---------+---------+-------
      Total |    2690 |    6211 |  69.8 |     113 |      53 |  31.9
            +---------+---------+-------+---------+---------+-------
        D:1 |      45 |       0 |   0.0 |      24 |       0 |   0.0
        D:2 |      94 |      73 |  43.7 |      15 |       2 |  11.8
        D:3 |      20 |     251 |  92.6 |      10 |       4 |  28.6
        D:4 |     185 |     196 |  51.4 |      11 |       1 |   8.3
        D:5 |     608 |     264 |  30.3 |      14 |       1 |   6.7
        D:6 |     736 |     214 |  22.5 |      13 |       2 |  13.3
        D:7 |     993 |    5213 |  84.0 |      23 |      43 |  65.2
        D:8 |       9 |       0 |   0.0 |       3 |       0 |   0.0
            +---------+---------+-------+---------+---------+-------
